 Dungeon Crawl Stone Soup version 0.25.1-2-g60ff931df9 (webtiles) character file.

Game seed: 13003113902219962604

2181 Svendgris the Cleaver (level 9, -1/79 HPs)
             Began as a Minotaur Berserker on Oct 26, 2020.
             Was an Elder of Trog.
             Shot with a sling bullet by something (2 damage)
             ... on level 7 of the Dungeon on Oct 27, 2020.
             The game lasted 01:12:50 (6340 turns).

Svendgris the Cleaver (Minotaur Berserker)          Turns: 6340, Time: 01:12:51

Health: -1/79      AC: 10    Str: 28    XL:     9   Next: 11%
Magic:  8/8        EV:  9    Int:  4    God:    Trog [****..]
Gold:   123        SH:  0    Dex:  7    Spells: 8/8 levels left

rFire    . . .     SeeInvis .   a - +3 hand axe
rCold    . . .     Gourm    .   (no shield)
rNeg     . . .     Faith    .   s - +0 plate armour
rPois    .         Spirit   .   (helmet restricted)
rElec    .         Reflect  .   n - +0 cloak {rCorr}
rCorr    +         Harm     .   k - +0 pair of gloves
MR       .....                  (no boots)
Stlth    ..........             (no amulet)
HPRegen  0.23/turn              (no ring)
MPRegen  0.11/turn              (no ring)

@: no status effects
A: retaliatory headbutt, horns 2, clumsy 1, deformed body, strong 1
a: Berserk, Trog's Hand, Brothers in Arms, Renounce Religion


You were on level 7 of the Dungeon.
You worshipped Trog.
Trog was greatly pleased with you.
You were not hungry.

You visited 1 branch of the dungeon, and saw 7 of its levels.

You collected 321 gold pieces.
You spent 198 gold pieces at shops.

Inventory:

Hand Weapons
 a - a +3 hand axe (weapon)
 g - a +2 vorpal long sword
 j - a +0 war axe
Missiles
 d - 19 poisoned darts (quivered)
Armour
 k - a +0 pair of gloves (worn)
 n - a +0 cloak of preservation (worn)
 s - a +0 plate armour (worn)
Wands
 f - a wand of random effects (24)
 p - a wand of digging (7)
Scrolls
 b - 2 scrolls of immolation
 i - 2 scrolls of remove curse
Potions
 e - a potion of berserk rage
 h - a potion of might
 l - a potion of flight
 m - a potion of cancellation
 u - a potion of ambrosia
Comestibles
 c - 12 rations


   Skills:
 + Level 7.4 Fighting
 * Level 9.6 Axes
 + Level 7.1 Armour
 + Level 6.3 Dodging


You had 8 spell levels left.
You didn't know any spells.
Your spell library contained the following spells:

 Spells                   Type           Power        Failure   Level  Hunger
 Summon Small Mammal      Summ           #...         99%         1    ##.....
 Call Imp                 Summ           #.......     100%        2    ###....
 Call Canine Familiar     Summ           #.......     100%        3    ####...
 Summon Guardian Golem    Hex/Summ       #.......     100%        3    ####...
 Summon Ice Beast         Ice/Summ       #.......     100%        4    #####..
 Summon Lightning Spire   Summ/Air       #.......     100%        4    #####..


Dungeon Overview and Level Annotations

Branches:
Dungeon (7/15)             Temple (0/1) D:7

Altars:
Elyvilon
Fedhas
Hepliaklqana
Makhleb
Qazlal
Ru
Sif Muna
Trog
Vehumet
Xom

Shops:
D:5 !

Annotations:
D:7 Joseph


Innate Abilities, Weirdness & Mutations

You reflexively headbutt those who attack you in melee.
You have a pair of horns on your head.
You are clumsy. (Dex -2)
Armour fits poorly on your strangely shaped body.
Your muscles are strong. (Str +2)


Message History

You are too injured to fight recklessly!
Your plate armour prevents you from hitting the howler monkey zombie.
You headbutt the howler monkey zombie.
The howler monkey zombie is severely damaged.
The howler monkey zombie hits you but does no damage.
A sling bullet appears from out of thin air!
The sling bullet hits you!
* * * LOW HITPOINT WARNING * * *
You slash the howler monkey zombie!
You destroy the howler monkey zombie!
Trog accepts your kill.
A sling bullet appears from out of thin air!
The sling bullet hits you!
* * * LOW HITPOINT WARNING * * *
x2 You see here a sling bullet.
You start resting.
A sling bullet appears from out of thin air!
The sling bullet hits you!
* * * LOW HITPOINT WARNING * * *
You die...

#...... ## #...#..
#.. .#..... #..
##.... #... #....
##...# #+# ###..
......# #.# ##.
.......## #.#### ##
.......@###....## #
........(.(.....##
#####.......###..##
###..#### ##..##
#### ##..## #...##
# ##...### #......
##.....


There were no monsters in sight!

Vanquished Creatures
  Prince Ribbit (D:7)
  Sigmund (D:2)
  An orc warrior (D:6)
  A sky beast (D:6)
  2 phantoms
  2 ogres
  2 centaurs
  A bullfrog (D:6)
  5 scorpions
  A howler monkey (D:7)
  3 crimson imps
  A quasit (D:7)
  A bullfrog skeleton (D:7)
  A centaur skeleton (D:7)
  Crazy Yiuf (D:6)
  An orc priest (D:6)
  4 hounds
  3 orc wizards
  An iguana (D:6)
  Natasha (twice) (D:2)
  3 worker ants
  A hound zombie (D:5)
  A howler monkey zombie (D:7)
  2 river rats (D:4)
  5 adders
  A shadow imp (D:6)
  3 oozes
  2 worms (D:4)
  3 dart slugs
  3 leopard geckos
  16 orcs
  10 giant cockroaches
  5 hobgoblins
  6 jackals
  A kobold (D:1)
  2 quokkas
  A ball python (D:3)
  7 bats
  3 frilled lizards
  10 goblins
  A jackal skeleton (D:4)
  A leopard gecko skeleton (D:5)
  6 rats
  4 fungi (D:6)
132 creatures vanquished.

Notes
Turn   | Place    | Note
-------+----------+-------------------------------------------
     0 | D:1      | Svendgris the Minotaur Berserker began the quest for the
                  | Orb.
     0 | D:1      | Reached XP level 1. HP: 19/19 MP: 0/0
   670 | D:1      | Reached XP level 2. HP: 26/27 MP: 1/1
  1153 | D:1      | Reached XP level 3. HP: 33/33 MP: 2/2
  1427 | D:2      | Reached skill level 4 in Axes
  1535 | D:2      | Noticed Sigmund
  1559 | D:2      | Killed Sigmund
  1559 | D:2      | Reached ** piety under Trog
  1559 | D:2      | Reached skill level 5 in Axes
  1559 | D:2      | Reached XP level 4. HP: 23/41 MP: 3/3
  1559 | D:2      | Reached XP level 5. HP: 26/47 MP: 4/4
  1853 | D:2      | Noticed Natasha
  1870 | D:2      | Killed Natasha
  2009 | D:2      | Noticed Natasha
  2018 | D:2      | Killed Natasha
  2292 | D:3      | Reached XP level 6. HP: 55/55 MP: 5/5
  2342 | D:3      | Found a burning altar of Makhleb.
  2557 | D:3      | Found a bloodstained altar of Trog.
  3020 | D:4      | Reached skill level 5 in Fighting
  3083 | D:4      | Gained mutation: You are clumsy. (Dex -2) [potion of
                  | mutation]
  3083 | D:4      | Gained mutation: Armour fits poorly on your strangely
                  | shaped body. [potion of mutation]
  3083 | D:4      | Gained mutation: Your muscles are strong. (Str +2) [potion
                  | of mutation]
  3131 | D:4      | Reached skill level 6 in Axes
  3444 | D:4      | Reached *** piety under Trog
  3444 | D:4      | Reached XP level 7. HP: 61/61 MP: 6/6
  3467 | D:4      | Reached skill level 5 in Armour
  3579 | D:4      | Found a stormy altar of Qazlal.
  3579 | D:4      | Found a blossoming altar of Fedhas.
  3903 | D:5      | Entered Level 5 of the Dungeon
  3999 | D:5      | Found Iheitit's Distillery.
  4017 | D:5      | Bought a potion of might for 44 gold pieces
  4017 | D:5      | Bought a potion of might for 44 gold pieces
  4017 | D:5      | Bought a potion of haste for 110 gold pieces
  4199 | D:5      | Found a radiant altar of Vehumet.
  4204 | D:5      | Found a hazy altar of Hepliaklqana.
  4227 | D:5      | Reached skill level 7 in Axes
  4455 | D:5      | Found a sacrificial altar of Ru.
  4539 | D:5      | Found a shimmering blue altar of Sif Muna.
  4907 | D:6      | Reached skill level 5 in Dodging
  5073 | D:6      | Reached XP level 8. HP: 40/70 MP: 7/7
  5227 | D:6      | Reached skill level 8 in Axes
  5723 | D:6      | Found a runed translucent door.
  5724 | D:6      | Noticed Crazy Yiuf
  5732 | D:6      | Killed Crazy Yiuf
  5837 | D:7      | Found a staircase to the Ecumenical Temple.
  5915 | D:7      | Reached skill level 9 in Axes
  5951 | D:7      | Reached **** piety under Trog
  6021 | D:7      | Reached XP level 9. HP: 65/79 MP: 8/8
  6037 | D:7      | Noticed Prince Ribbit
  6046 | D:7      | Killed Prince Ribbit
  6233 | D:7      | Found a shimmering altar of Xom.
  6236 | D:7      | Found a white marble altar of Elyvilon.
  6327 | D:7      | Noticed Joseph
  6340 | D:7      | HP: 1/79 [something (9)]
  6340 | D:7      | Shot with a sling bullet by something

Illustrated notes

Levels and vault maps discovered:
D:1:      dpeg_arrival_round_a, layout_rooms, feat_on_display
D:2:      layout_basic, uniq_sigmund, uniq_natasha, uniq_robin
D:3:      layout_loops_ring, bloody_trog, lightli_temple_of_fire, first_ration
D:4:      layout_rooms, grunt_temple_overflow_forces_of_nature,
          gup_sewer_entry_bubbles
D:5:      layout_basic, kennysheep_little_box, lemuel_blue_sif_altar,
          serial_shops, nicolae_shop_competitors_out_of_business, basic_altar,
          nicolae_ru_sacrificial_ziggurat
D:6:      layout_rooms, uniq_crazy_yiuf_cottage
D:7:      layout_layer_cave, chequers_temple_overflow_statue_of_worship,
          minmay_temple_entry_drinking_statues, the_bakery, dk_noncrumbling_3,
          uniq_prince_ribbit1, uniq_joseph

Skill      XL: |  1  2  3  4  5  6  7  8  9 |
---------------+----------------------------+-----
Armour         | 3 4 5 6 7 |  7.1
Fighting       | 4 5 6 7 |  7.4
Axes           | 5 6 7 9 |  9.6
Dodging        | 3 4 5 6 |  6.3

Action                   |  1- 3 |  4- 6 |  7- 9 || total
-------------------------+-------+-------+-------++-------
Melee: Hand axe          |    57 |    75 |   205 ||   337
       Headbutt          |    14 |    16 |    35 ||    65
Throw: Dart              |     3 |     1 |       ||     4
Invok: Trog's Hand       |       |       |     1 ||     1
  Use: Potion            |     1 |     6 |     7 ||    14
       Scroll            |       |    11 |     7 ||    18
  Eat: Chunk             |     2 |     6 |     6 ||    14
       Ration            |       |       |     1 ||     1
Armor: Ring mail         |    16 |    24 |     4 ||    44
       Animal skin       |     1 |       |       ||     1
       Plate armour      |       |       |    67 ||    67
       Chain mail        |       |       |     8 ||     8
Dodge: Dodged            |    35 |    57 |    88 ||   180
